← All builds
Tech / Armada / Economy first / OBSERVED BUILD

Standard tech

Standard Tech play: rush T2 factory and constructor by ~4:15-4:33, upgrade the first mexes to advanced, and hand off constructors and army to Geo and allies while scaling eco over the game.

Usually first T2 con to Geo (85%)

#eco #t2 #team support · 681 distinct matches · 101 players · 59% of Armada Tech games · team won 53% of 793 · Recently observed

HOW TO PLAY IT

Key timing: T2 lab by 4:15

  1. Take 3 mex, then wind and a Bot Lab to open eco fast.
  2. Push T2 lab out, aim to pass T2 to air player.
  3. Get first T2 constructor building, prioritize mex upgrades over eco.
  4. Finish Advanced Metal Extractor, keep upgrading team's mex.
  5. Add fus and anti-nuke, keep feeding T2 cons and Umbrella/Citadel to team.

Phase by phase

TYPICAL OF ITS 681 GAMES
  1. 1
  2. 2
  3. 3
  4. 4
PLAY THE OPENING

Follow the example game's first 6:00 step by step: what to build now, what comes next, and where it goes. At 1× it keeps pace with your own game.

  1. 1

    Up to the Bot Lab

    Economy
    • Metal Extractor3Mex
    • Wind Turbine4Wind
    Order
    1. Bot LabBot Lab after 3 mex, 4 winddone ~1:18, middle half 1:13–1:32

    Some games also: energy storage (30%)

    By 1:01 in all: 3 mex · 4 wind

    The example game in this phase · 3 steps
    1. Mex ×3
    2. Wind ×5
    3. Bot LabBot Labdone 1:20 · typical 1:18
  2. 2

    Bot Lab to Advanced Bot Lab

    Economy
    • Metal Extractor1Mex
    • Wind Turbine8Wind
    • Energy Storage1Energy storage
    Order
    1. Advanced Bot LabAdvanced Bot Lab after 4 mex, 12 wind, 3 con turretdone ~4:15, middle half 4:04–4:27
    Builders
    • Construction Turret3 Con turret
    • Lazarus3 Lazarus
    • Construction Bot2 Con bot
    • Construction Bot1 Con bot for allies

    Some games also: converter (36%)

    By 3:20 in all: 4 mex · 12 wind · 1 energy storage · 3 con turret

    The example game in this phase · 27 steps
    1. Construction BotCon bot
    2. Wind
    3. LazarusLazarus
    4. Wind ×2
    5. LazarusLazarus
    6. Wind
    7. Mex
    8. Wind
    9. LazarusLazarus
    10. Construction BotCon botfor unknown
    11. Wind ×2
    12. Con turret ×2
    13. Wind
    14. Con turret
    15. Wind ×2
    16. Energy storage
    17. Wind ×2
    18. Converter
    19. Wind ×3
    20. Converter
    21. Wind
    22. Converter
    23. Wind
    24. Converter
    25. Wind
    26. Converter ×2
    27. Advanced Bot LabAdvanced Bot Labdone 4:34 · typical 4:15
  3. 3

    Advanced Bot Lab to 5:00

    Economy
    • Wind Turbine2Wind
    Builders
    • Advanced Construction Bot1 T2 con bot for allies

    Some games also: converter (35%)

    By 5:00 in all: 4 mex · 15 wind · 2 converter · 1 energy storage · 3 con turret

    The example game in this phase · 2 steps
    1. Advanced Construction BotT2 con botfor Geo
    2. Advanced Metal ExtractorT2 mexdone 5:16 · typical 5:28
  4. 4

    5:00 to 10:00

    Economy
    • Wind Turbine43Wind
    • Energy Converter5Converter
    Builders
    • Butler8 Butler
    • Advanced Construction Bot4 T2 con bot for allies
    • Advanced Construction Bot1 T2 con bot

    Some games also: con turret (46%) · Butler for allies (38%)

    By 10:00 in all: 4 mex · 58 wind · 7 converter · 1 energy storage · 3 con turret

    The example game in this phase · 168 steps
    1. Advanced Construction BotT2 con botfor unknown
    2. Advanced Metal ExtractorT2 mex ×3
    3. ButlerButler ×2
    4. Wind
    5. ButlerButler
    6. Wind ×4
    7. ButlerButler
    8. Wind ×3
    9. ButlerButler
    10. Wind ×3
    11. ButlerButler
    12. Wind ×3
    13. Advanced Construction BotT2 con bot
    14. Wind ×6
    15. ButlerButler
    16. Wind ×2
    17. ButlerButler
    18. Wind ×4
    19. ButlerButler
    20. Wind ×2
    21. Advanced Construction BotT2 con botfor Pond
    22. Wind ×7
    23. Converter
    24. ButlerButler
    25. Wind ×2
    26. Converter
    27. Wind ×2
    28. ButlerButler
    29. Wind
    30. Converter
    31. Wind ×4
    32. Converter
    33. ButlerButler
    34. Wind ×4
    35. Converter
    36. Wind ×3
    37. Advanced Construction BotT2 con botfor Beach sea
    38. Converter
    39. Wind ×3
    40. Converter
    41. Wind ×7
    42. Converter
    43. Wind ×4
    44. Converter
    45. Wind ×4
    46. Advanced Construction BotT2 con bot
    47. Wind ×3
    48. Converter
    49. Wind ×6
    50. Converter
    51. Wind ×3
    52. Converter
    53. Wind ×5
    54. Converter
    55. Wind ×5
    56. Converter
    57. Wind ×2
    58. Fusion ReactorFusiondone 12:30
    59. Wind ×3
    60. Converter
    61. Wind ×6
    62. Converter
    63. Wind ×38
    64. Converter
    65. Wind ×3
    66. Converter
    67. Wind ×2
    68. Con turret
    69. Wind ×3
    70. Converter
    71. Wind ×3
    72. Converter
    73. Wind ×3
    74. Converter
    75. Wind ×3
    76. Converter
    77. Wind ×2
    78. Con turret
    79. Wind ×2
    80. Converter
    81. Wind ×3
    82. Converter
    83. Wind ×3
    84. Converter
    85. Wind
    86. Con turret
    87. Wind ×3
    88. Converter
    89. Wind ×4
    90. Converter
    91. Wind
    92. Con turret
    93. Wind
    94. Converter
    95. Wind ×3
    96. Converter
    97. Wind ×2
    98. Con turret
    99. Wind ×2
    100. Converter
    101. Wind ×3
    102. Con turret
    103. Wind
    104. Converter
    105. Wind ×3
    106. Con turret
    107. Converter
    108. Wind ×4
    109. Converter
    110. Con turret
    111. Wind ×3
    112. Converter
    113. Wind ×3
    114. Converter
    115. Wind
    116. TracerTracer
    117. Wind ×2
    118. Con turret
    119. Converter
    120. Wind ×4
    121. Converter
    122. Wind ×2
    123. CitadelAnti-nukedone 13:48
    124. Wind
    125. Converter
    126. Wind
    127. Con turret ×2
    128. Wind
    129. Con turret
    130. Wind
    131. Con turret
    132. Wind
    133. Converter
    134. Wind ×3
    135. Converter
    136. Wind ×4
    137. Converter
    138. Wind ×4
    139. Converter
    140. Wind ×3
    141. Converter
    142. Wind ×2
    143. Converter
    144. Fusion ReactorFusion
    145. Wind
    146. Converter
    147. Wind ×2
    148. Converter
    149. Wind ×2
    150. Converter ×2
    151. Wind
    152. Converter ×2
    153. Wind ×2
    154. Converter
    155. Wind
    156. Converter
    157. Wind
    158. Converter
    159. Wind ×2
    160. Converter
    161. Wind
    162. Converter ×2
    163. Wind
    164. Converter ×2
    165. Wind
    166. Converter
    167. Wind
    168. Converter ×2

Counts are medians over the build's games: half of them build more, half fewer. The example game is KOT_'s (39 OS, 13/09/2026); pick another.

Team trades

IN AT LEAST 30% OF ITS GAMES

You hand over

  • Construction Bot1 Con bot to Airfirst at 2:22 · in 88% of games
  • Advanced Construction Bot5 T2 con bot to Air or Pond or Geo seafirst at 4:46 · in 99% of games
  • Sharpshooter2 Sniper bot to Pondfirst at 5:23 · in 33% of games
  • Butler2 Butler to Geo sea or Beach sea or Pondfirst at 9:03 · in 42% of games

You get

  • Hercules1 Light transport from Airfirst at 3:59 · in 85% of games

How it plays out

Typical game of this build, running totals by minute

Metal produced

020k40k
0:005:0010:0015:00

metal

Enemy metal destroyed

0200400
0:005:0010:0015:00

metal

Own metal lost

0100200300
0:005:0010:0015:00

metal

793 games.

Show as table
ByMetal produced: This buildEnemy metal destroyed: This buildOwn metal lost: This build
1:0038300
2:0091500
3:00163500
4:00314800
5:00486300
6:00580700
7:00722000
8:00906100
9:001124700
10:001355300
11:001634200
12:001985000
13:002364400
14:0027360125130
15:0031473385260
WHAT THE NUMBERS SAY

This is the role's baseline and wins slightly more than half its games with a huge metal lead but almost no kills, showing its value is economic not combat.

  • + Produces 31389 metal by 15:00, far above other roles.
  • + Reaches T2 lab and constructor by 4:15-4:33 almost every game.
  • − Barely destroys any enemy metal (400 by 15:00), no combat presence.
  • − Fusion Reactor and anti-nuke only land in 44% of games.
THE EXAMPLE YOU ARE READING

KOT_

39.3 OS · 13/09/2026

Open source match ↗

1 received units
3969 metal received · 19785 energy received

Allied construction assistance is unknown. Timings are observations, not a promise of solo reproducibility.

Typical milestones

Bot Lab1:18Middle 50%: 1:13–1:32 · n=793
Advanced Bot Lab4:15Middle 50%: 4:04–4:27 · n=787
Advanced Metal Extractor5:28Middle 50%: 5:06–5:58 · n=791

Played most by

Amrissa100games of this buildSyphos34games of this buildKOT_33games of this buildTeaner28games of this buildAdeus26games of this build